 Dungeon Crawl Stone Soup version 0.23-a0-261-g133332c (console) character file.

6940 nht the Cleaver (level 10, -1/115 HPs)
             Began as a Demonspawn Berserker on Sept 29, 2018.
             Was a High Priest of Trog.
             Slain by an orc warrior
             ... wielding a +0 war axe
              (6 damage)
             ... in a bailey.
             The game lasted 00:15:55 (9644 turns).

nht the Cleaver (Demonspawn Berserker)              Turns: 9644, Time: 00:15:56

Health: -1/115     AC:  6    Str: 25    XL:     10   Next: 80%
Magic:  6/6        EV: 14    Int:  8    God:    Trog [*****.]
Gold:   99         SH:  6    Dex: 14    Spells: 9/9 levels left

rFire    . . .     SeeInvis .   M - +1 battleaxe (antimagic)
rCold    + . .     Gourm    .   (shield currently unavailable)
rNeg     + . .     Faith    .   N - +0 leather armour (curse)
rPois    .         Spirit   .   (helmet restricted)
rElec    .         Reflect  +   d - +0 cloak
rCorr    .         Harm     .   r - +0 pair of gloves
MR       .....                  (no boots)
Stlth    ..........             t - +6 amulet of reflection
HPRegen  0.29/turn              o - ring of Numa {+Inv rN+ MP+9}
MPRegen  0.10/turn              k - +2 ring of evasion

@: berserking, very quick
A: antennae 1, cold resistance 1, powered by pain 2, sturdy frame 1
a: Berserk, Trog's Hand, Brothers in Arms, Renounce Religion, Evoke Invisibility


You were in a bailey.
You worshipped Trog.
Trog was extremely pleased with you.
You were hungry.

You visited 1 branch of the dungeon, and saw 10 of its levels.
You also visited: Ossuary and Bailey.

You collected 738 gold pieces.
You spent 639 gold pieces at shops.

Inventory:

Hand Weapons
 a - a +1 war axe
 m - a +1 mace of protection
 D - a +2 fustibalus of velocity
 M - a +1 antimagic battleaxe (weapon)
Missiles
 g - 63 poisoned needles
 h - 11 needles of confusion
 l - 6 curare-tipped needles
 x - 7 tomahawks (quivered)
Armour
 d - a +0 cloak (worn)
 r - a +0 pair of gloves (worn)
 F - a +2 plate armour of magic resistance
 G - the +1 shield of the Other Side {Dex+4}
   (You bought it in a shop on level 7 of the Dungeon)

   It affects your dexterity (+4).
 J - a +1 ring mail of fire resistance
 L - a +3 leather armour
 N - a cursed +0 leather armour (worn)
 O - a cursed +0 leather armour
Jewellery
 b - an uncursed ring of protection from fire
 k - a +2 ring of evasion (right hand)
 o - the ring of Numa (left hand) {+Inv rN+ MP+9}
   (You found it on level 8 of the Dungeon)

   [ring of magical power]

   It protects you from negative energy.
   It affects your magic capacity (+9).
   It lets you turn invisible.
 t - a +6 amulet of reflection (around neck)
 E - an uncursed ring of resist corrosion
Wands
 n - a wand of digging (8)
 v - a wand of flame (27)
 y - a wand of paralysis (6)
 K - a wand of polymorph (13)
Scrolls
 f - 7 scrolls of teleportation
 s - a scroll of blinking
 w - a scroll of enchant armour
 H - 2 scrolls of identify
Potions
 e - 7 potions of curing
 i - a potion of berserk rage
 j - 2 potions of haste
 p - 4 potions of lignification
 q - 2 potions of heal wounds
 u - 2 potions of flight
 z - 2 potions of mutation
 A - a potion of ambrosia
 C - a potion of might
 I - a potion of invisibility
Comestibles
 c - 15 rations
 B - 15 chunks of flesh


   Skills:
 + Level 6.4 Fighting
 * Level 13.3 Axes
 - Level 5.1 Armour
 - Level 1.7 Dodging


You had 9 spell levels left.
You didn't know any spells.
Your spell library was empty.

Dungeon Overview and Level Annotations

Branches:
Dungeon (10/15)            Temple (0/1) D:6
   Lair: D:8-11         Orc: D:9-12

Altars:
Cheibriados
Dithmenos
Hepliaklqana
Nemelex Xobeh
Okawaru
Sif Muna
Uskayaw
Wu Jian
The Shining One

Shops:
D:7 [

Annotations:
Bailey exclusion: door


Innate Abilities, Weirdness & Mutations

You have a pair of small antennae on your head.
Your flesh is cold resistant. (rC+)
You sometimes gain power by taking damage.
Your movements are slightly less encumbered by armour. (ER -2)


Message History

The orc warrior is heavily wounded.
You barely miss the orc warrior.
The orc warrior hits you with a war axe!
* * * LOW HITPOINT WARNING * * *
You slice the orc warrior!!
You kill the orc warrior!
Trog accepts your kill.
You completely miss the orc warrior. You closely miss the orc warrior.
The orc warrior is severely wounded.
The orc warrior barely misses you.
You slice the orc!!
You feel the power of Trog in you as your rage grows.
You kill the orc!
Trog accepts your kill.
You slash the orc warrior! You barely miss the orc warrior.
The orc warrior is almost dead.
The orc warrior hits you with a war axe.
You die... ...! .... ..... ..... █████ .⌠.... ███████

....██
......██.....██
.....+
.....(oo......█
.....██
██@......██
......█
█.........█
......██
██.........██
.⌠.....█
█.....⌠.....█
......██
██.........██
......█
█.........█
.....██
██.......██
.....█
█.......█
))..██
██.....██


You could see an orc warrior and an orc.

Vanquished Creatures
  A two-headed ogre (D:9)
  A gargoyle (D:10)
  The ghost of KristoblXynda the Shield-Bearer, a novice FoFi (D:5)
  2 hornets (D:9)
  Prince Ribbit (D:9)
  A hippogriff (D:8)
  A hungry ghost (D:8)
  2 ice beasts
  A sky beast (D:8)
  9 orc warriors
  An eye of draining (D:10)
  2 phantoms
  4 ogres
  2 centaurs
  2 big kobolds (D:7)
  Blork the orc (D:4)
  A bullfrog (D:8)
  A gnoll sergeant (D:10)
  5 scorpions
  A water moccasin skeleton (D:6)
  7 howler monkeys
  4 crimson imps
  5 hounds
  5 jellies
  Crazy Yiuf (D:2)
  2 centaur skeletons
  2 bullfrog skeletons
  2 orc priests
  13 orc wizards
  Natasha (thrice) (D:2)
  12 worker ants
  A big kobold zombie (Ossuary)
  A hound skeleton (D:5)
  8 mummies (Ossuary)
  A worker ant zombie (D:5)
  12 gnolls
  10 adders
  3 shadow imps
  7 oozes
  An adder zombie (D:5)
  3 worms (D:2)
  An adder skeleton (D:4)
  4 dart slugs
  A leopard gecko (D:10)
  34 orcs
  6 bats
  9 giant cockroaches
  24 goblins
  19 hobgoblins
  13 jackals
  19 kobolds
  2 quokkas
  5 frilled lizards
  A gnoll zombie (Ossuary)
  2 hobgoblin zombies (Ossuary)
  4 kobold zombies (Ossuary)
  2 leopard gecko skeletons (D:4)
  A leopard gecko zombie (D:5)
  A quokka zombie (D:6)
  4 rats
295 creatures vanquished.

Vanquished Creatures (others)
  A centaur (D:10)
1 creature vanquished.

Grand Total: 296 creatures vanquished

Notes
Turn   | Place    | Note
-------+----------+-------------------------------------------
     0 | D:1      | nht the Demonspawn Berserker began the quest for the Orb.
     0 | D:1      | Reached XP level 1. HP: 18/18 MP: 1/1
    44 | D:1      | Reached skill level 3 in Axes
   111 | D:1      | Gained mutation: Your movements are slightly less
                  | encumbered by armour. (ER -2) [demonic ancestry]
   111 | D:1      | Reached XP level 2. HP: 7/24 MP: 2/2
   707 | D:2      | Noticed Natasha
   712 | D:2      | Reached XP level 3. HP: 29/29 MP: 3/3
   714 | D:2      | Killed Natasha
   714 | D:2      | Reached skill level 4 in Axes
   813 | D:2      | Reached ** piety under Trog
   836 | D:2      | Gained mutation: You sometimes gain a little power by
                  | taking damage. [demonic ancestry]
   836 | D:2      | Reached XP level 4. HP: 4/35 MP: 4/4
  1606 | D:2      | Noticed Natasha
  1613 | D:2      | Killed Natasha
  1613 | D:2      | Reached skill level 5 in Axes
  1722 | D:2      | Found a runed door.
  1726 | D:2      | Noticed Crazy Yiuf
  1735 | D:2      | Killed Crazy Yiuf
  1735 | D:2      | Reached XP level 5. HP: 40/41 MP: 5/5
  2017 | D:2      | Noticed Natasha
  2020 | D:2      | Killed Natasha
  2344 | D:3      | Reached *** piety under Trog
  2391 | D:3      | Found a glowing golden altar of the Shining One.
  2473 | D:3      | Found a hide-covered altar of Uskayaw.
  2485 | D:3      | Reached skill level 6 in Axes
  2565 | D:4      | Noticed Blork the orc
  2567 | D:4      | Found a sand-covered staircase.
  2577 | D:4      | Killed Blork the orc
  2577 | D:4      | Reached XP level 6. HP: 47/47 MP: 6/6
  2658 | Ossuary  | Entered an ossuary
  3094 | D:4      | Reached skill level 7 in Axes
  3103 | D:4      | Reached **** piety under Trog
  3103 | D:4      | Gained mutation: You have a pair of small antennae on your
                  | head. [demonic ancestry]
  3103 | D:4      | Reached XP level 7. HP: 44/52 MP: 7/7
  3688 | D:4      | Reached skill level 8 in Axes
  3785 | D:5      | Entered Level 5 of the Dungeon
  3882 | D:5      | Found an iron altar of Okawaru.
  3882 | D:5      | Found an ornate altar of the Wu Jian Council.
  3919 | D:5      | Found a snail-covered altar of Cheibriados.
  4402 | D:5      | Reached skill level 9 in Axes
  4402 | D:5      | Gained mutation: Your flesh is cold resistant. (rC+)
                  | [demonic ancestry]
  4402 | D:5      | Reached XP level 8. HP: 51/58 MP: 8/8
  4857 | D:5      | Found a runed gate.
  4857 | D:5      | Found a runed gate.
  4857 | D:5      | Found a runed gate.
  4859 | D:5      | Noticed KristoblXynda's ghost (novice FoFi)
  5024 | D:5      | Killed KristoblXynda's ghost
  5024 | D:5      | Reached skill level 10 in Axes
  5528 | D:6      | Found a sparkling altar of Nemelex Xobeh.
  5694 | D:6      | Found a staircase to the Ecumenical Temple.
  5969 | D:6      | Found a deep blue altar of Sif Muna.
  6442 | D:7      | Reached skill level 11 in Axes
  6447 | D:7      | Reached XP level 9. HP: 63/63 MP: 9/9
  6544 | D:7      | Found a hazy altar of Hepliaklqana.
  6706 | D:7      | Reached ***** piety under Trog
  6809 | D:7      | Found Cuirat's Antique Armour Shoppe.
  6817 | D:7      | Bought a shiny plate armour for 468 gold pieces
  6817 | D:7      | Bought a jewelled shield for 171 gold pieces
  6833 | D:7      | Identified the +1 shield of the Other Side {Dex+4} (You
                  | bought it in a shop on level 7 of the Dungeon)
  7246 | D:8      | Received a gift from Trog
  7267 | D:8      | Found a shadowy altar of Dithmenos.
  7354 | D:8      | Got a steaming silver ring
  7372 | D:8      | Reached skill level 12 in Axes
  7374 | D:8      | Identified the ring of Numa {+Inv rN+ MP+9} (You found it
                  | on level 8 of the Dungeon)
  7872 | D:8      | Identified the Incunabulum of the Unstable Compass
  8049 | D:9      | Received a gift from Trog
  8074 | D:9      | Noticed a two-headed ogre
  8085 | D:9      | Killed a two-headed ogre
  8085 | D:9      | Gained mutation: You sometimes gain power by taking damage.
                  | [demonic ancestry]
  8085 | D:9      | Reached XP level 10. HP: 73/73 MP: 10/10
  8103 | D:9      | Reached skill level 5 in Fighting
  8260 | D:9      | Noticed Prince Ribbit
  8275 | D:9      | Killed Prince Ribbit
  8869 | D:10     | Entered Level 10 of the Dungeon
  8901 | D:10     | Noticed a gargoyle
  8908 | D:10     | Killed a gargoyle
  8955 | D:10     | Reached skill level 13 in Axes
  8989 | D:10     | Found a flagged portal.
  9011 | Bailey   | Entered a bailey
  9094 | Bailey   | Reached skill level 5 in Armour
  9363 | Bailey   | Received a gift from Trog
  9640 | Bailey   | HP: 4/115 [orc warrior/war axe (14)]
  9644 | Bailey   | Slain by an orc warrior

Vault maps used:
D:1:      dpeg_arrival_houses_and_road
D:2:      hangedman_feature_mirror, uniq_crazy_yiuf_cottage, uniq_natasha
D:3:      eat_drink_and_be_merry_uskayaw, tso_metal_star
D:4:      first_ration, enter_ossuary_1, uniq_blork_the_orc
D:5:      gammafunk_temple_overflow_statue, kennysheep_mini,
          gammafunk_ghost_necromancy, serial_co_window_serial,
          co_window_paths_a, co_window_of_opportunity_a,
          co_window_of_opportunity_a, co_window_paths_a, co_window_paths_a,
          co_window_2corner, co_window_corner_b, co_window_unsneaky_path_d,
          co_window_2corner, co_window_broadway_c
D:6:      nemelex_xobeh_ov_fountains_minmay, lemuel_blue_sif_altar,
          minmay_temple_entry_from_below_a
D:7:      nicolae_overflow_crystal_walls, serial_shops, shop_statue
D:8:      grunt_dithmenos_smoke_and_mirrors
D:9:      hangedman_little_slice_of_home, st_stairs_7, uniq_prince_ribbit1
D:10:     enter_bailey_3
Ossuary:  ossuary_tomb_3
Bailey:   bailey_axe_minmay_hex_keep, bailey

Skill      XL: |  1  2  3  4  5  6  7  8  9 10 |
---------------+-------------------------------+-----
Axes           | 3 4 5 6 7 9 11 12 13 | 13.3
Armour         | 3 5 |  5.1
Fighting       | 4 6 |  6.4
Dodging        | |  1.7

Action                   |  1- 3 |  4- 6 |  7- 9 | 10-12 || total
-------------------------+-------+-------+-------+-------++-------
Melee: Hand axe          |    80 |   145 |       |       ||   225
       War axe           |       |    61 |   406 |   195 ||   662
       Battleaxe         |       |       |       |    60 ||    60
Throw: Tomahawk          |       |       |     1 |     3 ||     4
Invok: Berserk           |     2 |     6 |     3 |     3 ||    14
Evoke: Wand              |       |       |     4 |     8 ||    12
  Use: Scroll            |     3 |     4 |    18 |     2 ||    27
       Potion            |       |       |     1 |       ||     1
 Stab: Sleeping          |     3 |     2 |       |       ||     5
       Paralysed         |       |       |     5 |     5 ||    10
       Distracted        |       |       |       |     1 ||     1
  Eat: Chunk             |     1 |    11 |    22 |     7 ||    41
       Ration            |       |     1 |     1 |       ||     2
Armor: Animal skin       |    22 |     7 |       |       ||    29
       Chain mail        |       |     1 |       |       ||     1
       Ring mail         |       |    51 |     9 |       ||    60
       Scale mail        |       |       |    25 |       ||    25
       Plate armour      |       |       |    99 |    69 ||   168
       Leather armour    |       |       |       |     7 ||     7
Dodge: Dodged            |    50 |   152 |   146 |    89 ||   437
Block: Other             |     1 |    55 |   119 |    49 ||   224
       Reflection        |       |     2 |     2 |     2 ||     6

Table legend:
 A = Non-vault XP
 B = Vault XP
 C = Vault XP percentage of total XP
 D = Non-vault monster count
 E = Vault monster count
 F = Vault count percentage of total count
                 A         B        C        D         E       F
            +---------+---------+-------+---------+---------+-------
      Total |    7167 |    2748 |  27.7 |     210 |      86 |  29.1
            +---------+---------+-------+---------+---------+-------
        D:1 |      38 |       0 |   0.0 |      17 |       0 |   0.0
        D:2 |     146 |      77 |  34.5 |      21 |       2 |   8.7
        D:3 |      71 |       0 |   0.0 |      31 |       0 |   0.0
        D:4 |     400 |      99 |  19.8 |      15 |       1 |   6.2
        D:5 |     835 |     417 |  33.3 |      22 |       3 |  12.0
        D:6 |     458 |       0 |   0.0 |      17 |       0 |   0.0
        D:7 |     651 |       0 |   0.0 |      27 |       0 |   0.0
        D:8 |    1685 |       0 |   0.0 |      31 |       0 |   0.0
        D:9 |    1897 |     718 |  27.5 |      17 |      10 |  37.0
       D:10 |     986 |       8 |   0.8 |      12 |       4 |  25.0
    Ossuary |       0 |     181 | 100.0 |       0 |      16 | 100.0
     Bailey |       0 |    1248 | 100.0 |       0 |      50 | 100.0
            +---------+---------+-------+---------+---------+-------
